[Event "6th Heraklion Capablanca 2019"]
[Site "Heraklion"]
[Date "2019.04.29"]
[Round "1.2"]
[White "Yoo, Christopher Woojin"]
[Black "Anagnostopoulos, Konstantinos"]
[Result "1-0"]
[ECO "C13"]
[WhiteElo "2414"]
[BlackElo "2345"]
[Annotator "NA RC"]
[PlyCount "47"]
[EventDate "2019.04.29"]
[EventType "tourn"]
[EventCountry "GRE"]
[SourceTitle "playchess.com"]
[Source "ChessBase"]
[SourceQuality "1"]
[TimeControl "40/5400+30:1800+30"]

1. e4 e6 2. d4 d5 3. Nc3 Nf6 4. Bg5 dxe4 5. Nxe4 Be7 6. Bxf6 gxf6 7. Nf3 f5 8. Nc3 a6 9. Qe2 b5 10. O-O-O b4 11. d5 bxc3 12. dxe6 Bd6 13. exf7+ Kxf7 14. Qc4+ Be6 15. Qxc3 Bf4+ 16. Nd2 Qf6 17. Qf3 Qd4 18. g3 Bh6 19. Bd3 Nd7 20. Bxf5 Rab8 21. c3 Qb6 22. Bxe6+ Kxe6 23. Rhe1+ Ne5 24. Rxe5+ {[%emt 0:01:25] Kd5 [%emt 00:00:39]} 1-0

[Event "6th Heraklion Capablanca 2019"]
[Site "Heraklion"]
[Date "2019.04.29"]
[Round "1.3"]
[White "Zarubitski, Viachaslau"]
[Black "Szwed, Jacek"]
[Result "1/2-1/2"]
[ECO "C10"]
[WhiteElo "2416"]
[BlackElo "2387"]
[Annotator "NA RC"]
[PlyCount "61"]
[EventDate "2019.04.29"]
[EventType "tourn"]
[EventCountry "GRE"]
[SourceTitle "playchess.com"]
[Source "ChessBase"]
[SourceQuality "1"]
[TimeControl "40/5400+30:1800+30"]

1. e4 e6 2. d4 d5 3. Nc3 Nf6 4. Bg5 dxe4 5. Nxe4 Nbd7 6. Nf3 h6 7. Nxf6+ Nxf6 8. Bh4 c5 9. c3 Be7 10. Bd3 O-O 11. Qe2 cxd4 12. Nxd4 Bd7 13. O-O Qb6 $14 14. Rfe1 Rfe8 15. a4 a5 16. Nb5 Rac8 17. Rad1 Red8 18. Bxf6 Bxf6 19. Nd6 Rc6 20. Nc4 Qc5 21. Ne5 Rd6 22. Nxd7 R6xd7 23. g3 b6 24. Bb5 Rd5 25. Qf3 Rd2 26. Rxd2 Rxd2 27. Re2 Rd1+ 28. Kg2 Qd6 29. Qa8+ Kh7 30. Qb7 Qd5+ 31. Qxd5 1/2-1/2

[Event "6th Heraklion Capablanca 2019"]
[Site "Heraklion"]
[Date "2019.04.30"]
[Round "2.1"]
[White "Karousos-Theodorakis, Nikolaos"]
[Black "Kelires, Andreas"]
[Result "1/2-1/2"]
[ECO "C25"]
[WhiteElo "2280"]
[BlackElo "2508"]
[Annotator "RC"]
[PlyCount "70"]
[EventDate "2019.04.29"]
[EventType "tourn"]
[EventCountry "GRE"]
[SourceTitle "playchess.com"]
[Source "ChessBase"]
[SourceQuality "1"]
[TimeControl "40/5400+30:1800+30"]

1. e4 e5 2. Nc3 Nc6 3. g3 Bc5 4. Bg2 d6 5. Nge2 Nge7 6. Na4 h5 7. h4 a6 8. Nxc5 dxc5 9. d3 Qd6 10. Be3 Be6 11. Qd2 O-O-O 12. b3 f6 13. f4 Nd4 14. fxe5 fxe5 15. O-O Ng8 16. Bg5 Re8 17. Nxd4 cxd4 18. Kh2 Nh6 19. Bxh6 Rxh6 20. Qg5 Bg4 21. Bh3 Bxh3 22. Kxh3 Qd7+ 23. Kg2 Rc6 24. Rac1 g6 25. Rf6 Rxf6 26. Qxf6 Re6 27. Qf8+ Re8 28. Qf6 Re6 29. Qf8+ Qd8 30. Qxd8+ Kxd8 31. Kf3 Kd7 32. Ke2 Rc6 33. Kd2 Rf6 34. Ke2 Rc6 35. Kd2 Rf6 1/2-1/2

[Event "6th Heraklion Capablanca 2019"]
[Site "Heraklion"]
[Date "2019.04.30"]
[Round "2.2"]
[White "Vaishali R"]
[Black "Antic, Dejan"]
[Result "1/2-1/2"]
[ECO "B51"]
[WhiteElo "2353"]
[BlackElo "2471"]
[Annotator "RC"]
[PlyCount "40"]
[EventDate "2019.04.29"]
[EventType "tourn"]
[EventCountry "GRE"]
[SourceTitle "playchess.com"]
[Source "ChessBase"]
[SourceQuality "1"]
[TimeControl "40/5400+30:1800+30"]

1. e4 c5 2. Nf3 Nc6 3. Bb5 d6 4. O-O Bd7 5. Re1 Nf6 6. h3 e6 7. c3 Ne5 8. Bxd7+ Qxd7 9. d4 cxd4 10. cxd4 Nxf3+ 11. Qxf3 d5 12. e5 Ng8 13. b3 Rc8 14. Ba3 Bxa3 15. Nxa3 Ne7 16. Qd3 a6 17. Rac1 O-O 18. Qd2 Nf5 19. Nc2 Qe7 20. Ne3 Qg5 1/2-1/2

[Event "6th Heraklion Capablanca 2019"]
[Site "Heraklion"]
[Date "2019.04.30"]
[Round "2.3"]
[White "Szwed, Jacek"]
[Black "Harff, Marcel"]
[Result "1/2-1/2"]
[ECO "B32"]
[WhiteElo "2387"]
[BlackElo "2412"]
[Annotator "NA"]
[PlyCount "89"]
[EventDate "2019.04.29"]
[EventType "tourn"]
[EventCountry "GRE"]
[SourceTitle "playchess.com"]
[Source "ChessBase"]
[SourceQuality "1"]
[TimeControl "40/5400+30:1800+30"]

1. e4 c5 2. Nf3 Nc6 3. d4 cxd4 4. Nxd4 d5 5. Nxc6 bxc6 6. exd5 Qxd5 7. Nc3 {[%emt 0:00:09] B32: Sicilian: Löwenthal and Kalashnikov Variations} Qxd1+ 8. Nxd1 e5 9. Ne3 Bd6 $146 ({Predecessor:} 9... Nf6 10. Nc4 e4 11. Bd2 Bc5 12. b4 Be7 13. Na5 Bd7 14. c4 Ng4 {1-0 (27) Tomczak,J (2562)-Grandadam,N (2307) Katowice 2014}) 10. Nc4 Bc7 11. Be3 Nf6 12. Bc5 Nd5 13. Nd6+ Bxd6 $1 14. Bxd6 f6 15. O-O-O Bg4 16. Rd2 Kd7 17. Bc5 Kc7 18. Ba6 Rhd8 19. f3 Bc8 20. Bxc8 Rdxc8 21. Rhd1 Kb7 22. Rd3 Rc7 23. g3 Re8 24. c4 Nb6 25. b3 Rcc8 26. Rd6 $14 h5 27. Kc2 Rc7 28. Rd8 Rc8 29. Bxb6 Kxb6 30. Rxc8 Rxc8 31. Rd7 Rc7 32. c5+ Kb7 33. Rxc7+ Kxc7 34. g4 hxg4 35. fxg4 g5 36. Kd3 a5 37. a4 Kd7 38. Kc3 Ke6 39. Kc4 Kd7 40. Kd3 Ke6 41. Ke4 Kd7 42. Kd3 Ke6 43. Ke4 Kd7 44. Kd3 Ke6 45. Ke4 1/2-1/2

[Event "6th Heraklion Capablanca 2019"]
[Site "Heraklion"]
[Date "2019.04.30"]
[Round "2.4"]
[White "Anagnostopoulos, Konstantinos"]
[Black "Zarubitski, Viachaslau"]
[Result "0-1"]
[ECO "B15"]
[WhiteElo "2345"]
[BlackElo "2416"]
[Annotator "NA"]
[PlyCount "72"]
[EventDate "2019.04.29"]
[EventType "tourn"]
[EventCountry "GRE"]
[SourceTitle "playchess.com"]
[Source "ChessBase"]
[SourceQuality "1"]
[TimeControl "40/5400+30:1800+30"]

1. e4 c6 2. d4 d5 3. f3 g6 4. Nc3 Bg7 5. Be3 dxe4 6. fxe4 Nf6 7. Be2 Qb6 8. e5 Nd5 $11 9. Nxd5 cxd5 10. Qc1 Bd7 11. Bf3 Nc6 12. Ne2 e6 13. O-O Na5 14. b3 Rc8 15. c4 dxc4 16. d5 Qb4 17. a3 Qe7 18. Qc3 Nxb3 19. d6 Qd8 20. Rad1 Qa5 21. Bxb7 Rb8 22. Qxa5 Nxa5 23. Bf3 Bxe5 24. Bxa7 Rb2 25. Bc5 O-O 26. Bb4 Nc6 27. Bc3 Rxe2 28. Bxe2 Bxc3 29. Bxc4 Ne5 30. Be2 Ra8 31. Rb1 Rxa3 32. h3 Kg7 33. Kh2 Ra2 34. Bb5 Rd2 35. Rfc1 Bb2 36. Rc5 Ba3 0-1

[Event "6th Heraklion Capablanca 2019"]
[Site "Heraklion"]
[Date "2019.05.01"]
[Round "3.2"]
[White "Zarubitski, Viachaslau"]
[Black "Demuth, Adrien"]
[Result "1/2-1/2"]
[ECO "B22"]
[WhiteElo "2416"]
[BlackElo "2512"]
[Annotator "ChessBase"]
[PlyCount "32"]
[EventDate "2019.04.29"]
[EventType "tourn"]
[EventCountry "GRE"]
[SourceTitle "playchess.com"]
[Source "ChessBase"]
[SourceQuality "1"]
[TimeControl "40/5400+30:1800+30"]

1. e4 c5 2. Nf3 Nc6 3. c3 d5 4. exd5 Qxd5 5. d4 Nf6 6. dxc5 Qxd1+ 7. Kxd1 Bf5 8. Be3 e6 9. Nd4 O-O-O 10. Nd2 Nd5 11. Nxf5 exf5 12. Kc2 Nxe3+ 13. fxe3 Bxc5 14. Bd3 g6 15. e4 Ne5 16. Be2 fxe4 1/2-1/2

[Event "6th Heraklion Capablanca 2019"]
[Site "Heraklion"]
[Date "2019.05.01"]
[Round "3.3"]
[White "Harff, Marcel"]
[Black "Anagnostopoulos, Konstantinos"]
[Result "1-0"]
[ECO "A12"]
[WhiteElo "2412"]
[BlackElo "2345"]
[Annotator "NA"]
[PlyCount "63"]
[EventDate "2019.04.29"]
[EventType "tourn"]
[EventCountry "GRE"]
[SourceTitle "playchess.com"]
[Source "ChessBase"]
[SourceQuality "1"]
[TimeControl "40/5400+30:1800+30"]

1. c4 Nf6 2. Nf3 c6 3. b3 d5 4. Bb2 Bf5 5. d3 e6 6. Nbd2 h6 7. g3 Bc5 8. Bg2 O-O 9. O-O Nbd7 10. Qe1 Bg4 11. h3 Bxf3 12. Nxf3 a5 13. e4 dxe4 14. dxe4 Qb6 15. Rb1 Rfd8 16. Qe2 Nf8 17. Bxf6 gxf6 18. Nh2 Ng6 19. Kh1 Bb4 20. f4 Rd2 21. Qg4 Qe3 22. f5 h5 23. Qf3 Qxf3 24. Nxf3 exf5 25. Nxd2 Bxd2 26. Rbd1 Bc3 27. Rd3 Bb4 28. Rd7 Ra7 29. Rxf5 Ne5 30. Rd8+ Kg7 31. Rxh5 a4 32. Rhh8 1-0

[Event "6th Heraklion Capablanca 2019"]
[Site "Heraklion"]
[Date "2019.05.01"]
[Round "3.4"]
[White "Antic, Dejan"]
[Black "Szwed, Jacek"]
[Result "1/2-1/2"]
[ECO "D25"]
[WhiteElo "2471"]
[BlackElo "2387"]
[Annotator "ChessBase"]
[PlyCount "92"]
[EventDate "2019.04.29"]
[EventType "tourn"]
[EventCountry "GRE"]
[SourceTitle "playchess.com"]
[Source "ChessBase"]
[SourceQuality "1"]
[TimeControl "40/5400+30:1800+30"]

1. d4 d5 2. Nf3 Nf6 3. c4 dxc4 4. e3 b5 5. a4 b4 6. Bxc4 e6 7. O-O Be7 8. b3 O-O 9. Bb2 Bb7 10. Nbd2 c5 11. Rc1 Nbd7 12. Be2 cxd4 13. Nxd4 Nc5 14. Nc4 Rc8 15. Bf3 Bxf3 16. Qxf3 Nd3 17. Rcd1 Nxb2 18. Nxb2 Qd5 19. Nc4 Qxf3 20. gxf3 Nd5 21. Nf5 Bf6 22. Nfd6 Rc6 23. Ne4 Be7 24. Rd3 Rfc8 25. f4 g6 26. Rfd1 Kg7 27. Kg2 h6 28. R1d2 f5 29. Ng3 Bf6 30. Ne2 Kf7 31. Nd4 Bxd4 32. Rxd4 Kf6 33. h4 g5 34. hxg5+ hxg5 35. fxg5+ Kxg5 36. f4+ Kf6 37. Kf3 Rh8 38. Rg2 Rh3+ 39. Rg3 Rh2 40. Rd1 Rc7 41. Rdg1 Rh6 42. Rg8 Rh3+ 43. Kf2 Rh2+ 44. Kf3 Rh3+ 45. Kf2 Rh2+ 46. Kf3 Rh3+ {[%emt 0:00:49] Ke4 [%emt 00:00:08] Ke5+} 1/2-1/2

[Event "6th Heraklion Capablanca 2019"]
[Site "Heraklion"]
[Date "2019.05.02"]
[Round "4.1"]
[White "Karousos-Theodorakis, Nikolaos"]
[Black "Vaishali R"]
[Result "1/2-1/2"]
[ECO "B13"]
[WhiteElo "2280"]
[BlackElo "2353"]
[Annotator "NA"]
[PlyCount "65"]
[EventDate "2019.04.29"]
[EventType "tourn"]
[EventCountry "GRE"]
[SourceTitle "playchess.com"]
[Source "ChessBase"]
[SourceQuality "1"]
[TimeControl "40/5400+30:1800+30"]

1. e4 c6 2. d4 d5 3. exd5 cxd5 4. Bd3 Nc6 5. c3 Qc7 6. Na3 a6 7. Nc2 Nf6 8. h3 e6 9. Nf3 b5 10. O-O Bb7 11. Qe2 Be7 12. a4 bxa4 13. Rxa4 a5 14. Ne5 O-O 15. Bf4 Nxe5 16. dxe5 Ne4 17. Re1 Nc5 18. Raa1 Nxd3 19. Qxd3 Ba6 20. Qg3 Rfb8 21. Rab1 Bf8 22. Nd4 Qc4 23. b3 Qd3 24. Ra1 Qxg3 25. Bxg3 Bd3 26. Red1 Bg6 27. Ra2 Bc5 28. Rda1 Bxd4 29. cxd4 Rxb3 30. Rxa5 Rxa5 31. Rxa5 h5 32. Bf4 Be4 33. Ra7 1/2-1/2

[Event "6th Heraklion Capablanca 2019"]
[Site "Heraklion"]
[Date "2019.05.03"]
[Round "5.1"]
[White "Zarubitski, Viachaslau"]
[Black "Karousos-Theodorakis, Nikolaos"]
[Result "1/2-1/2"]
[ECO "B51"]
[WhiteElo "2416"]
[BlackElo "2280"]
[Annotator "ChessBase"]
[PlyCount "109"]
[EventDate "2019.04.29"]
[EventType "tourn"]
[EventCountry "GRE"]
[SourceTitle "playchess.com"]
[Source "ChessBase"]
[SourceQuality "1"]
[TimeControl "40/5400+30:1800+30"]

1. e4 c5 2. Nf3 d6 3. Bb5+ Nd7 4. d4 cxd4 5. Qxd4 a6 6. Bxd7+ Bxd7 7. Nc3 e5 8. Qd3 h6 9. O-O Nf6 10. Rd1 b5 11. a4 b4 12. Nd5 Nxd5 13. Qxd5 Be7 14. c3 bxc3 15. bxc3 Rc8 16. Qd3 Qa5 17. Ba3 Qxc3 18. Qxc3 Rxc3 19. Bxd6 Bxd6 20. Rxd6 f6 21. Rxa6 O-O 22. Ra7 Bc6 23. Rc7 Ra8 24. h4 h5 25. a5 Ra6 26. Ra2 Rc1+ 27. Kh2 Rf1 28. Rd2 Bxe4 29. Rd8+ Kh7 30. Nd2 Re1 31. Rdd7 Rxa5 32. Rxg7+ Kh6 33. Nxe4 Rxe4 34. Rh7+ Kg6 35. Rcg7+ Kf5 36. Rxh5+ Ke6 37. Rh8 Raa4 38. Kg3 Re2 39. h5 Re1 40. h6 Rh1 41. h7 Rah4 42. Ra7 Kf5 43. Rg7 R4h3+ 44. gxh3 Rg1+ 45. Kf3 Rxg7 46. h4 Ra7 47. h5 Rb7 48. Ke3 Rd7 49. Ke2 Kf4 50. Ke1 f5 51. Ke2 Ke4 52. h6 Kf4 53. Ke1 Ke4 54. Ke2 Kf4 55. Ke1 1/2-1/2

[Event "6th Heraklion Capablanca 2019"]
[Site "Heraklion"]
[Date "2019.05.03"]
[Round "5.2"]
[White "Harff, Marcel"]
[Black "Yoo, Christopher Woojin"]
[Result "0-1"]
[ECO "D74"]
[WhiteElo "2412"]
[BlackElo "2414"]
[Annotator "NA"]
[PlyCount "86"]
[EventDate "2019.04.29"]
[EventType "tourn"]
[EventCountry "GRE"]
[SourceTitle "playchess.com"]
[Source "ChessBase"]
[SourceQuality "1"]
[TimeControl "40/5400+30:1800+30"]

1. c4 Nf6 2. Nf3 g6 3. g3 Bg7 4. Bg2 O-O 5. d4 d5 6. cxd5 Nxd5 7. O-O Nc6 8. e4 Nb6 9. d5 Na5 10. Qc2 c6 11. dxc6 Nxc6 12. Rd1 Qe8 13. h3 Be6 14. Nc3 Nb4 15. Qb1 Rd8 16. Be3 Rxd1+ 17. Qxd1 Qc8 18. Rc1 Rd8 19. Nd5 Qd7 20. Bxb6 axb6 21. Qb3 Nxd5 22. exd5 Bxd5 23. Qxb6 Bc6 24. b3 e5 25. Re1 e4 26. Nh2 Bc3 27. Re2 Qd1+ 28. Bf1 f5 29. Re3 Bf6 30. b4 Re8 31. Qc5 Bd4 32. Qc4+ Kh8 33. b5 Bxe3 34. bxc6 Bxf2+ 35. Kxf2 e3+ 36. Kg2 e2 37. Qc3+ Kg8 38. Qc4+ Kg7 39. cxb7 e1=Q 40. Qc7+ Kh8 41. b8=Q Qdd2+ 42. Kh1 Qe4+ 43. Kg1 Qde3# 0-1

[Event "6th Heraklion Capablanca 2019"]
[Site "Heraklion"]
[Date "2019.05.03"]
[Round "5.5"]
[White "Vaishali R"]
[Black "Szwed, Jacek"]
[Result "0-1"]
[ECO "C11"]
[WhiteElo "2353"]
[BlackElo "2387"]
[Annotator "ChessBase"]
[PlyCount "170"]
[EventDate "2019.04.29"]
[EventType "tourn"]
[EventCountry "GRE"]
[SourceTitle "playchess.com"]
[Source "ChessBase"]
[SourceQuality "1"]
[TimeControl "40/5400+30:1800+30"]

1. e4 e6 2. d4 d5 3. Nc3 Nf6 4. e5 Nfd7 5. f4 c5 6. Nf3 Qb6 7. Na4 Qc6 8. Nc3 b6 9. Be3 Ba6 10. Qd2 g6 11. g4 h5 12. f5 Bxf1 13. Rxf1 hxg4 14. fxe6 gxf3 15. exd7+ Nxd7 16. O-O-O cxd4 17. Bxd4 Rh3 18. Qd3 O-O-O 19. Rxf3 Rxf3 20. Qxf3 Qe6 21. Nxd5 Kb8 22. Re1 f6 23. Nc3 fxe5 24. Kb1 Bg7 25. Bf2 Qf5 26. Qe2 Nf8 27. Bg3 Re8 28. Nb5 Qd7 29. Rd1 Qc6 30. Nd4 Qc5 31. Qf3 Rc8 32. c3 a6 33. Nc2 Ka7 34. Nb4 a5 35. Nd5 Qc6 36. Bf2 Rb8 37. Qe3 Nd7 38. Qg5 Qe6 39. Nc7 Qf7 40. Qd2 Nc5 41. Nb5+ Ka6 42. Qe2 Qf5+ 43. Ka1 Qh5 44. Qxh5 gxh5 45. Nc7+ Kb7 46. Bxc5 bxc5 47. Rd7 Bh8 48. Re7 Kc6 49. Kb1 e4 50. Kc2 Kd6 51. Rh7 Be5 52. Na6 Rh8 53. Rxh8 Bxh8 54. Kd2 Be5 55. h3 Bf4+ 56. Ke2 Kc6 57. b4 axb4 58. cxb4 c4 59. Nc5 Kd5 60. Na4 Kd4 61. b5 c3 62. Nxc3 Kxc3 63. b6 Kb4 64. a4 Kc5 65. a5 Kc6 66. Ke1 Kb7 67. Ke2 Ka6 68. Kf2 Bh6 69. Ke2 Bg5 70. Kf2 Kb7 71. Ke2 Kc6 72. Ke1 Be7 73. Ke2 Bc5 74. Kd2 Kb7 75. Ke1 Kc6 76. Ke2 Kd5 77. Kd1 Ke5 78. Ke2 Kf4 79. b7 Ba7 80. a6 Kg3 81. b8=Q+ Bxb8 82. Ke3 Kxh3 83. Kxe4 Kg3 84. Kd5 h4 85. Kc6 Ba7 0-1

[Event "6th Heraklion Capablanca 2019"]
[Site "Heraklion"]
[Date "2019.05.04"]
[Round "6.2"]
[White "Anagnostopoulos, Konstantinos"]
[Black "Vaishali R"]
[Result "0-1"]
[ECO "A28"]
[WhiteElo "2350"]
[BlackElo "2323"]
[Annotator "NA"]
[PlyCount "76"]
[EventDate "2019.04.29"]
[EventType "tourn"]
[EventCountry "GRE"]
[SourceTitle "playchess.com"]
[Source "ChessBase"]
[SourceQuality "1"]
[TimeControl "40/5400+30:1800+30"]

1. c4 e5 2. Nc3 Nf6 3. Nf3 Nc6 4. e4 Bb4 5. d3 d6 6. a3 Bxc3+ 7. bxc3 h6 8. g3 O-O 9. Bg2 Be6 10. O-O Qd7 11. Rb1 b6 12. Nh4 Bh3 13. f4 exf4 14. gxf4 Bxg2 15. Nxg2 Qg4 16. Qxg4 Nxg4 17. h3 Nf6 18. Ne3 Rfe8 19. Rb2 Na5 20. Kf2 Nb7 21. Kf3 Nc5 22. Rd1 g6 23. Rg2 Kh7 24. Nc2 Nh5 25. Be3 f5 26. exf5 gxf5 27. Nb4 Re6 28. Nd5 Rc8 29. Bxc5 dxc5 30. d4 c6 31. Ne3 Rce8 32. Nxf5 Rf6 33. dxc5 Rxf5 34. Rd7+ Kh8 35. Rg4 Nf6 36. Rf7 Re3+ 37. Kg2 Re2+ 38. Kf3 Rf2+ 0-1

[Event "6th Heraklion Capablanca 2019"]
[Site "Heraklion"]
[Date "2019.05.04"]
[Round "6.3"]
[White "Demuth, Adrien"]
[Black "Kelires, Andreas"]
[Result "1/2-1/2"]
[ECO "E92"]
[WhiteElo "2517"]
[BlackElo "2508"]
[Annotator "RC"]
[PlyCount "76"]
[EventDate "2019.04.29"]
[EventType "tourn"]
[EventCountry "GRE"]
[SourceTitle "playchess.com"]
[Source "ChessBase"]
[SourceQuality "1"]
[TimeControl "40/5400+30:1800+30"]

1. Nf3 Nf6 2. c4 g6 3. Nc3 Bg7 4. d4 O-O 5. e4 d6 6. Be2 e5 7. dxe5 dxe5 8. Qxd8 Rxd8 9. Nd5 Nxd5 10. cxd5 c6 11. Bc4 b5 12. Bb3 Bb7 13. Bg5 Rd7 14. Rc1 cxd5 15. Bxd5 Na6 16. Bxb7 Rxb7 17. Ke2 f6 18. Be3 Rd8 19. Rhd1 Rxd1 20. Rxd1 Bf8 21. Rd8 Kf7 22. Ne1 Bc5 23. Nd3 Bxe3 24. Kxe3 Ke7 25. Rh8 Kd6 26. Rf8 Ke7 27. Ra8 Nc7 28. Rh8 Kd6 29. Rd8+ Ke7 30. Rh8 Kd6 31. g3 Ne6 32. f4 exf4+ 33. gxf4 Rc7 34. h4 Re7 35. Rb8 Ng7 36. Kf3 Ne6 37. Ke3 Ng7 38. Kf3 Ne6 1/2-1/2

[Event "6th Heraklion Capablanca 2019"]
[Site "Heraklion"]
[Date "2019.05.04"]
[Round "6.5"]
[White "Zarubitski, Viachaslau"]
[Black "Harff, Marcel"]
[Result "1/2-1/2"]
[ECO "B31"]
[WhiteElo "2416"]
[BlackElo "2388"]
[Annotator "NA"]
[PlyCount "78"]
[EventDate "2019.04.29"]
[EventType "tourn"]
[EventCountry "GRE"]
[SourceTitle "playchess.com"]
[Source "ChessBase"]
[SourceQuality "1"]
[TimeControl "40/5400+30:1800+30"]

1. e4 c5 2. Nf3 Nc6 3. Bb5 g6 4. O-O Bg7 5. Bxc6 dxc6 6. d3 Qc7 7. h3 b6 8. Qe2 e5 9. a3 a5 10. Be3 Nf6 11. Nbd2 Nh5 12. Nc4 Be6 13. b4 Bxc4 14. dxc4 Nf4 15. Bxf4 exf4 16. e5 axb4 17. axb4 Rxa1 18. Rxa1 cxb4 19. Ra8+ Ke7 20. Rxh8 Bxh8 21. Qe4 Kf8 22. Qxf4 Kg8 23. Qe4 Qd7 24. Ne1 Bg7 25. Nd3 Bf8 26. g4 g5 27. Kg2 h6 28. Kf3 Qe6 29. Qd4 b5 30. cxb5 cxb5 31. Ke3 b3 32. cxb3 Qxb3 33. Ke4 b4 34. f4 gxf4 35. Kxf4 Be7 36. Qd7 Bg5+ 37. Ke4 Qc4+ 38. Kf5 b3 39. e6 Qxe6+ 1/2-1/2

[Event "6th Heraklion Capablanca 2019"]
[Site "Heraklion"]
[Date "2019.05.05"]
[Round "7.1"]
[White "Harff, Marcel"]
[Black "Karousos-Theodorakis, Nikolaos"]
[Result "1/2-1/2"]
[ECO "E68"]
[WhiteElo "2412"]
[BlackElo "2280"]
[Annotator "NA RC"]
[PlyCount "31"]
[EventDate "2019.04.29"]
[EventType "tourn"]
[EventCountry "GRE"]
[SourceTitle "playchess.com"]
[Source "ChessBase"]
[SourceQuality "1"]
[TimeControl "40/5400+30:1800+30"]

1. c4 e5 2. Nc3 Nf6 3. Nf3 d6 4. g3 g6 5. Bg2 Bg7 6. d4 Nbd7 7. O-O O-O 8. e4 Re8 9. Re1 a6 10. b3 Rb8 11. dxe5 Nxe5 12. Nxe5 dxe5 13. Qxd8 Rxd8 14. Bg5 c6 15. Rad1 Be6 16. Na4 1/2-1/2

[Event "6th Heraklion Capablanca 2019"]
[Site "Heraklion"]
[Date "2019.05.05"]
[Round "7.2"]
[White "Antic, Dejan"]
[Black "Zarubitski, Viachaslau"]
[Result "1/2-1/2"]
[ECO "D13"]
[WhiteElo "2471"]
[BlackElo "2416"]
[Annotator "ChessBase"]
[PlyCount "23"]
[EventDate "2019.04.29"]
[EventType "tourn"]
[EventCountry "GRE"]
[SourceTitle "playchess.com"]
[Source "ChessBase"]
[SourceQuality "1"]
[TimeControl "40/5400+30:1800+30"]

1. d4 d5 2. c4 c6 3. cxd5 cxd5 4. Bf4 Nf6 5. Nc3 Nc6 6. e3 e6 7. Bd3 Be7 8. h3 O-O 9. Rc1 Bd7 10. Nf3 Qb6 11. Qe2 Rfd8 12. O-O 1/2-1/2

[Event "6th Heraklion Capablanca 2019"]
[Site "Heraklion"]
[Date "2019.05.05"]
[Round "7.5"]
[White "Szwed, Jacek"]
[Black "Anagnostopoulos, Konstantinos"]
[Result "1/2-1/2"]
[ECO "D36"]
[WhiteElo "2387"]
[BlackElo "2345"]
[Annotator "RC"]
[PlyCount "96"]
[EventDate "2019.04.29"]
[EventType "tourn"]
[EventCountry "GRE"]
[SourceTitle "playchess.com"]
[Source "ChessBase"]
[SourceQuality "1"]
[TimeControl "40/5400+30:1800+30"]

1. d4 d5 2. c4 e6 3. Nc3 Nf6 4. cxd5 exd5 5. Bg5 Be7 6. e3 c6 7. Bd3 Nbd7 8. Qc2 h6 9. Bh4 Nh5 10. Bxe7 Qxe7 11. Nge2 Nb6 12. O-O O-O 13. Rae1 Bd7 14. Nc1 Rae8 15. Nb3 Qg5 16. f4 Qh4 17. f5 Nf6 18. Qf2 Qxf2+ 19. Rxf2 Nc8 20. h3 Nd6 21. g4 b6 22. Kg2 c5 23. dxc5 bxc5 24. Nxc5 Bc6 25. Kf1 h5 26. Rf4 Re5 27. Nb3 hxg4 28. hxg4 g5 29. fxg6 fxg6 30. Bxg6 Nxg4 31. Rxf8+ Kxf8 32. Nd1 Bb5+ 33. Kg2 Rg5 34. Bb1 Ne5+ 35. Kf2 Ne4+ 36. Bxe4 dxe4 37. Nc1 Rf5+ 38. Kg2 Rg5+ 39. Kf2 Rf5+ 40. Kg3 Bf1 41. Nf2 Rf3+ 42. Kh2 Rxf2+ 43. Kg1 Rc2 44. Kxf1 Nf3 45. Rd1 Rh2 46. b4 Rh1+ 47. Ke2 Rh2+ 48. Kf1 Rh1+ 1/2-1/2

[Event "6th Heraklion Capablanca 2019"]
[Site "Heraklion"]
[Date "2019.05.07"]
[Round "9.1"]
[White "Antic, Dejan"]
[Black "Karousos-Theodorakis, Nikolaos"]
[Result "0-1"]
[ECO "E11"]
[WhiteElo "2471"]
[BlackElo "2280"]
[Annotator "ChessBase"]
[PlyCount "86"]
[EventDate "2019.04.29"]
[EventType "tourn"]
[EventCountry "GRE"]
[SourceTitle "playchess.com"]
[Source "ChessBase"]
[SourceQuality "1"]
[TimeControl "40/5400+30:1800+30"]

1. d4 Nf6 2. c4 e6 3. Nf3 Bb4+ 4. Bd2 a5 5. Nc3 d6 6. Qc2 Nbd7 7. a3 Bxc3 8. Bxc3 Qe7 9. e4 e5 10. Bd3 O-O 11. O-O a4 12. Rfe1 Re8 13. Nh4 Nh5 14. Nf5 Qf6 15. g3 Nf8 16. Ne3 Bh3 17. dxe5 dxe5 18. f4 Qg6 19. Bxe5 Nxg3 20. hxg3 Qxg3+ 21. Ng2 f6 22. Re3 Qg4 23. Bxc7 Ne6 24. Bd6 Nd4 25. Qf2 Nf5 26. Bc5 Nxe3 27. Bxe3 Rad8 28. Bc2 f5 29. Kh2 Rd6 30. Nh4 Rh6 31. Nxf5 Ree6 32. Ng3 Reg6 33. f5 Bf1+ 34. Kg1 Qxg3+ 35. Kxf1 Qh3+ 36. Ke1 Rg2 37. Bxh6 Rxf2 38. Kxf2 Qxh6 39. Ke2 Qh2+ 40. Kd3 Qg3+ 41. Ke2 Qe5 42. Rb1 h5 43. Kd3 h4 {[%emt 0:01:32] Kd4 [%emt 00:00:42]} 0-1

[Event "6th Heraklion Capablanca 2019"]
[Site "Heraklion"]
[Date "2019.05.07"]
[Round "9.2"]
[White "Kelires, Andreas"]
[Black "Harff, Marcel"]
[Result "1-0"]
[ECO "E04"]
[WhiteElo "2508"]
[BlackElo "2412"]
[Annotator "ChessBase"]
[PlyCount "131"]
[EventDate "2019.04.29"]
[EventType "tourn"]
[EventCountry "GRE"]
[SourceTitle "playchess.com"]
[Source "ChessBase"]
[SourceQuality "1"]
[TimeControl "40/5400+30:1800+30"]

1. d4 Nf6 2. c4 e6 3. g3 d5 4. Bg2 dxc4 5. Nf3 Nbd7 6. O-O Rb8 7. a4 a6 8. a5 b5 9. axb6 Rxb6 10. Nbd2 Rb4 11. Ra4 Bb7 12. Rxb4 Bxb4 13. Nxc4 Be7 14. Na5 Be4 15. Ne5 Bxg2 16. Kxg2 Qa8+ 17. f3 c5 18. Nxd7 Nxd7 19. dxc5 Nxc5 20. b4 Nd7 21. Qa4 Qb8 22. Rd1 Qb5 23. Qxb5 axb5 24. Nc6 Nb6 25. Be3 Nc4 26. Bc5 Bf6 27. e4 g5 28. Kf2 h5 29. Na7 h4 30. Nxb5 hxg3+ 31. hxg3 Be5 32. Kg2 f6 33. Rc1 Nb2 34. Bd6 Kf7 35. Rc7+ Kg6 36. Bxe5 fxe5 37. Nd6 Nd3 38. b5 Rb8 39. Rc3 Nb4 40. Rc4 Nd3 41. Rc8 Rb6 42. Rc6 Rb8 43. Kf1 Kf6 44. Ke2 Nb4 45. Rc4 Na2 46. Rc2 Nb4 47. Rb2 Nc6 48. Ke3 Na5 49. Ra2 Nb3 50. Rb2 Na5 51. Ra2 Nb3 52. Ra7 Nd4 53. Rf7+ Kg6 54. Re7 Kf6 55. Rf7+ Kg6 56. f4 gxf4+ 57. gxf4 Nxb5 58. f5+ exf5 59. exf5+ Kh6 60. Rf6+ Kh7 61. Ne4 Nd4 62. Ng5+ Kg8 63. Rg6+ Kf8 64. f6 Rb6 65. Nh7+ Ke8 66. f7+ 1-0

[Event "6th Heraklion Capablanca 2019"]
[Site "Heraklion"]
[Date "2019.05.07"]
[Round "9.3"]
[White "Vaishali R"]
[Black "Zarubitski, Viachaslau"]
[Result "1/2-1/2"]
[ECO "B49"]
[WhiteElo "2353"]
[BlackElo "2416"]
[Annotator "NA"]
[PlyCount "44"]
[EventDate "2019.04.29"]
[EventType "tourn"]
[EventCountry "GRE"]
[SourceTitle "playchess.com"]
[Source "ChessBase"]
[SourceQuality "1"]
[TimeControl "40/5400+30:1800+30"]

1. e4 c5 2. Nf3 e6 3. d4 cxd4 4. Nxd4 Nc6 5. Nc3 Qc7 6. Be2 a6 7. O-O Nf6 8. Be3 Bb4 9. Nxc6 bxc6 10. Qd4 c5 11. Qc4 O-O 12. Na4 d5 13. exd5 exd5 14. Qf4 Qxf4 15. Bxf4 c4 16. Nb6 Ra7 17. Bf3 $14 Be6 18. Rfd1 c3 19. Be5 cxb2 20. Bxb2 Rc7 21. Bxf6 gxf6 22. Nxd5 Bxd5 1/2-1/2